 Dungeon Crawl Stone Soup version 0.29-a0-319-gad05b8d819 (webtiles) character file.

Game seed: 2172107136541789992

781 croobank the Skirmisher (level 7, 0/56 HPs)
             Began as a Minotaur Fighter on Apr 2, 2022.
             Was a Follower of Hepliaklqana.
             Succumbed to a gnoll's poison
             ... on level 5 of the Dungeon.
             The game lasted 00:14:08 (5850 turns).

croobank the Skirmisher (Minotaur Fighter)          Turns: 5850, Time: 00:14:08

Health: 0/56       AC:  8    Str: 22    XL:     7   Next: 55%
Magic:  6/6        EV:  9    Int:  5    God:    Hepliaklqana [*.....]
Gold:   171        SH:  0    Dex: 10    Spells: 6/6 levels left

rFire   + . .      SeeInvis +   i - +3 dire flail (drain)
rCold   + . .      Faith    .   (shield currently unavailable)
rNeg    . . .      Spirit   .   g - +1 scale mail
rPois   +          Reflect  .   (helmet restricted)
rElec   +          Harm     .   (no cloak)
rCorr   +          Rampage  .   (no gloves)
Will    .....                   (no boots)
Stlth   ..........              (no amulet)
HPRegen 0.18/turn               d - ring of flight
MPRegen 0.10/turn               k - ring of see invisible

@: brilliant, lethally poisoned (0 -> -3), resistant, flying
A: reduced essence, horns 2, retaliatory headbutt
a: Renounce Religion, Recall Ancestor, Ancestor Identity


You were on level 5 of the Dungeon.
You worshipped Hepliaklqana.
Hepliaklqana was aware of your devotion.
You visited 2 branches of the dungeon, and saw 6 of its levels.

You collected 269 gold pieces.
You spent 98 gold pieces at shops.

Inventory:

Hand Weapons
 a - a +0 war axe
 b - a +0 hunting sling
 e - a +3 dagger
 i - a +3 dire flail of draining (weapon)
Missiles
 n - 85 stones (quivered)
Armour
 c - a +1 buckler
 g - a +1 scale mail (worn)
Jewellery
 d - a ring of flight (left hand)
 h - a ring of ice
 k - a ring of see invisible (right hand)
 s - the amulet "Qaecon" {Faith rC++ rN+ rCorr Dex-5}
   (You found it on level 3 of the Dungeon)

   [amulet of faith]

   It allows you to gain divine favour quickly.
   Dex:       It affects your dexterity (-5).
   rC:        It greatly protects you from cold.
   rN:        It protects you from negative energy.
   rCorr:     It protects you from acid and corrosion.
Wands
 l - a wand of paralysis (4)
Scrolls
 f - 3 scrolls of teleportation
 m - a scroll of identify
 r - 2 scrolls of magic mapping


   Skills:
 + Level 6.3 Fighting
 - Level 4.4(4.9) Axes
 + Level 3.0(4.2) Maces & Flails
 + Level 6.2 Armour
 + Level 6.1 Shields


You had 6 spell levels left.
You didn't know any spells.
Your spell library contained the following spells:

 Spells                   Type           Power      Damage    Failure   Level
 Confusing Touch          Hex            0%         N/A       98%         3
 Tukima's Dance           Hex            0%         N/A       98%         3
 Passage of Golubria      Tloc           0%         N/A       100%        4
 Yara's Violent Unravell  Hex/Tmut       0%         3d3       100%        5
 Enfeeble                 Hex            0%         N/A       100%        7


Dungeon Overview and Level Annotations

Branches:
Dungeon (5/15)             Temple (1/1) D:4

Altars:
Elyvilon
Gozag
Hepliaklqana
Kikubaaqudgha
Qazlal
Ru
Sif Muna
Uskayaw
Vehumet
Wu Jian

Shops:
D:3 :   D:4 *

Annotations:
D:4 2 runed translucent doors, Cecur's ghost, amateur SpCj


Innate Abilities, Weirdness & Mutations

Your life essence is reduced to manifest your ancestor. (-10% HP)
You have a pair of horns on your head.
You reflexively headbutt those who attack you in melee.


Message History

The gnoll hits you from afar with a +0 spear.
You impale the jelly!!
You kill the jelly!
You feel very sick.
The gnoll hits you with a +1 flail of venom.
The gnoll closely misses you.
The gnoll shaman hits you with a +0 whip!
Your base Maces & Flails skill increases to level 3!
As you read the scroll of teleportation, it crumbles to dust.
You feel strangely unstable.
You feel sick.
The gnoll hits you with a +1 flail of venom.
* * * LOW HITPOINT WARNING * * *
You are more poisoned.
The gnoll hits you from afar with a +0 spear.
* * * LOW HITPOINT WARNING * * *
The gnoll attacks as you move away!
The gnoll hits you with a +1 flail of venom.
* * * LOW HITPOINT WARNING * * *
x2 You feel very sick.
The gnoll shaman calls upon its god to speed up the gnoll.
The gnoll seems to speed up.
You feel protected.
Your surroundings suddenly seem different.
Found a ring mail.
Found a stormy altar of Qazlal.
* * * LOW HITPOINT WARNING * * *
You feel sick.
* * * LOW HITPOINT WARNING * * *
You feel sick.
Okay, then.
Okay, then.
As you read the scroll of enchant armour, it crumbles to dust.
Your +0 scale mail glows green for a moment.
* * * LOW HITPOINT WARNING * * *
You feel sick.
* * * LOW HITPOINT WARNING * * *
You feel sick.
* * * LOW HITPOINT WARNING * * *
You feel sick.
You feel clever all of a sudden.
You die...

##.. #.. ## ..#
##.. ####[###
#... #......
#....#....##
#....#.....#.###
#........_.......
#...##@#.....#...
# #.##....# .
#.......#
####.#### #.. #..
#..


There were no monsters in sight!

Vanquished Creatures
  Edmund (D:4)
  An ogre (D:4)
  A scorpion (D:5)
  2 jellies (D:5)
  4 hounds (D:5)
  An iguana (D:5)
  Jessica (D:2)
  2 orc wizards (D:5)
  Robin (D:1)
  4 gnolls
  7 adders
  A white imp (D:5)
  2 worms
  8 dart slugs
  5 orcs
  5 bats
  8 endoplasms
  4 giant cockroaches
  14 goblins
  6 hobgoblins (D:1)
  3 jackals (D:2)
  8 kobolds
  2 quokkas
  6 ball pythons
  2 frilled lizards
  12 rats (D:1)
  A spectral kobold (D:3)
112 creatures vanquished.

Vanquished Creatures (others)
  An ancestor (D:5)
1 creature vanquished.

Grand Total: 113 creatures vanquished

Notes
Turn   | Place    | Note
-------+----------+-------------------------------------------
     0 | D:1      | croobank the Minotaur Fighter began the quest for the Orb.
     0 | D:1      | Reached XP level 1. HP: 19/19 MP: 0/0
   117 | D:1      | Reached XP level 2. HP: 4/27 MP: 1/1
   689 | D:1      | Reached XP level 3. HP: 33/33 MP: 2/2
  1264 | D:2      | Noticed Robin
  1509 | D:1      | Killed Robin
  1510 | D:1      | Reached XP level 4. HP: 15/41 MP: 3/3
  2600 | D:2      | Noticed Jessica
  2605 | D:2      | Killed Jessica
  2807 | D:3      | Reached XP level 5. HP: 31/47 MP: 4/4
  3246 | D:3      | Found a faded altar of an unknown god.
  3267 | D:3      | Reached skill level 5 in Fighting
  3508 | D:3      | Found Kenu's Book Shoppe.
  3570 | D:3      | Identified the amulet "Qaecon" {Faith rC++ rN+ rCorr Dex-5}
  3640 | D:4      | Found a staircase to the Ecumenical Temple.
  3649 | Temple   | Entered the Ecumenical Temple
  3657 | Temple   | Became a worshipper of Hepliaklqana the Forgotten
  3719 | D:4      | Noticed Edmund
  3745 | D:4      | Killed Edmund
  3746 | D:4      | Reached skill level 5 in Armour
  3746 | D:4      | Reached skill level 5 in Shields
  3746 | D:4      | Reached XP level 6. HP: 5/52 MP: 5/5
  4275 | D:4      | Found a runed translucent door.
  4279 | D:4      | Noticed Cecur's ghost (amateur SpCj)
  4292 | D:4      | Found Gigorut's Gadget Gallery.
  4448 | D:4      | Bought a wand of paralysis (5) for 98 gold pieces
  4706 | D:4      | Found a runed translucent door.
  4928 | D:5      | Entered Level 5 of the Dungeon
  5024 | D:4      | Reached skill level 1 in Maces & Flails
  5309 | D:5      | Reached XP level 7. HP: 47/62 MP: 6/6
  5448 | D:5      | Reached * piety under Hepliaklqana
  5845 | D:5      | Found a stormy altar of Qazlal.
  5848 | D:5      | HP: 2/56 [poisoned by a gnoll]
  5850 | D:5      | Succumbed to a gnoll's poison

Illustrated notes

Levels and vault maps discovered:
D:1:      saegor_arrival_simple_b, layout_basic, minmay_rat_gold_closets
D:2:      layout_loops_corners, uniq_jessica, uniq_robin
D:3:      kennysheep_slugbush, layout_loops_ring,
          dreamdust_ecumenical_altar_drowned_temple, serial_shops,
          nicolae_square_shop
D:4:      layout_loops_cross, lemuel_temple_firewalk_b, ebering_ghost_sewer_f,
          nrook_campfire, nicolae_shop_gadgets, uniq_edmund
D:5:      layout_cave_pods, nicolae_overflow_crystal_walls,
          nicolae_overflow_hidden_temple, serial_shops, kennysheep_mini
Temple:   lightli_temple_of_artemis

Skill      XL: |  1  2  3  4  5  6  7 |
---------------+----------------------+-----
Armour         | 4 5 6 |  6.2
Shields        | 4 5 6 |  6.1
Fighting       | 4 5 6 |  6.3
Axes           | 3 4 |  4.4
Maces & Flails | 2 3 |  3.0

Action                   |  1- 3 |  4- 6 |  7- 9 || total
-------------------------+-------+-------+-------++-------
Melee: War axe           |    84 |    94 |       ||   178
       Headbutt          |     4 |    17 |     3 ||    24
       Dire flail        |       |    22 |    28 ||    50
Throw: Stone             |       |     5 |       ||     5
Evoke: Wand              |       |     1 |       ||     1
  Use: Potion            |     1 |     5 |     2 ||     8
       Scroll            |     5 |     6 |     2 ||    13
Armor: Scale mail        |    47 |    59 |     9 ||   115
Dodge: Dodged            |    42 |    56 |    10 ||   108
Block: Buckler           |    24 |    31 |       ||    55

Table legend: (Time is in decaauts)
 A = Elapsed time spent in this place.
 B = Non-inter-level travel time spent in this place.
 C = Inter-level travel time spent in this place.
 D = Time resting spent in this place.
 E = Time spent auto-exploring this place.
 F = Levels seen in this place.
 G = Mean time per level.
                   A        B        C        D        E       F      G
               +--------+--------+--------+--------+--------+-----+--------+
         Total |   5907 |   5796 |    111 |   1462 |   3452 |   6 |  984.5 |
       Dungeon |   5890 |   5787 |    103 |   1462 |   3452 |   5 | 1178.0 |
        Temple |     16 |      8 |      8 |      0 |      0 |   1 |   16.0 |
               +--------+--------+--------+--------+--------+-----+--------+

Top non-repeatable levels by time:
     D:1: 1740 daAuts
     D:4: 1572 daAuts
     D:2: 1084 daAuts
     D:3: 840 daAuts
     D:5: 652 daAuts
  Temple: 16 daAuts
